 Dungeon Crawl Stone Soup version 0.29.1-1-gd02db6906a (webtiles) character file.

Game seed: 1196068121462376220

527 Colgate the Frost Mage (level 7, -3/46 HPs)
             Began as a Barachi Ice Elementalist on Oct 12, 2022.
             Shot with an arrow by a centaur (6 damage)
             ... on level 5 of the Dungeon.
             The game lasted 00:16:50 (5652 turns).

Colgate the Frost Mage (Barachi Ice Elementalist)   Turns: 5652, Time: 00:16:51

Health: -3/46      AC:  2    Str: 10    XL:     7   Next: 23%
Magic:  7/10       EV: 12    Int: 17    God:
Gold:   123        SH:  0    Dex: 12    Spells: 2/10 levels left

rFire   . . .      SeeInvis .   a - +2 dagger (venom)
rCold   + . .      Faith    .   (no shield)
rNeg    . . .      Spirit   .   m - +0 robe
rPois   .          Reflect  .   (no helmet)
rElec   .          Harm     .   (no cloak)
rCorr   .          Rampage  .   (no gloves)
Will    .....                   (no boots)
Stlth   ++........              u - amulet of regeneration
HPRegen 0.95/turn               p - ring of protection from cold
MPRegen 0.12/turn               (no ring)

@: freezing walls, slow
A: amphibious, slowness 1, strong legs 1, +LOS
a: Hop


You were on level 5 of the Dungeon.
You visited 1 branch of the dungeon, and saw 5 of its levels.

You collected 253 gold pieces.
You spent 130 gold pieces at shops.

Inventory:

Hand Weapons
 a - a +2 dagger of venom (weapon)
Missiles
 l - 65 stones
 s - 6 atropa-tipped darts
Armour
 m - a +0 robe (worn)
Magical Staves
 x - a staff of fire
Jewellery
 p - a ring of protection from cold (left hand)
 u - an amulet of regeneration (around neck)
Wands
 r - a wand of flame (10)
Scrolls
 d - 5 scrolls of teleportation {@r3}
 g - 2 scrolls of enchant weapon {unknown}
 h - a scroll of brand weapon {unknown}
 i - a scroll of fear {unknown}
 k - a scroll of blinking {unknown}
 q - a scroll of magic mapping {unknown}
 t - a scroll of amnesia {unknown}
 v - a scroll of fog
 w - a scroll of noise
Potions
 b - a potion of magic
 c - 3 potions of heal wounds {@q2}
 e - a potion of invisibility {unknown}
 f - a potion of brilliance {unknown}
 j - 3 potions of attraction
 n - a potion of flight
 o - a potion of curing {@q1}


   Skills:
 - Level 2.1 Dodging
 - Level 1.7 Stealth
 - Level 2.1 Spellcasting
 - Level 3.2 Conjurations
 + Level 9.4 Ice Magic


You had 2 spell levels left.
You knew the following spells:

 Your Spells              Type           Power      Damage    Failure   Level
a - Freeze                Ice            100%       1d11      1%          1
b - Frozen Ramparts       Ice            66%        1d10      1%          3
c - Hailstorm             Conj/Ice       23%        3d7       14%         4

Your spell library contained the following spells:

 Spells                   Type           Power      Damage    Failure   Level
 Magic Dart               Conj           48%        1d5       4%          1
 Beastly Appendage        Tmut           2%         N/A       19%         1
 Call Imp                 Summ           1%         N/A       28%         2
 Poisonous Vapours        Pois/Air       2%         N/A       28%         2
 Wereblood                Tmut           1%         N/A       28%         2
 Ozocubu's Armour         Ice            33%        N/A       1%          3
 Mephitic Cloud           Conj/Pois/Air  5%         N/A       36%         3
 Gell's Gravitas          Tloc           1%         N/A       50%         3
 Spider Form              Tmut/Pois      1%         N/A       50%         3
 Teleport Other           Tloc           1%         N/A       50%         3
 Corpse Rot               Necr/Pois/Air  1%         N/A       88%         4
 Dispersal                Tloc           0%         N/A       100%        6


Dungeon Overview and Level Annotations

Branches:
Dungeon (5/15)
 Temple: D:4-7

Altars:
Fedhas
Gozag
Kikubaaqudgha
Uskayaw

Shops:
D:3 =   D:4 (?([

Annotations:
D:3 4 runed translucent doors, Crazy Yiuf; Demigod47's ghost, amateur MiFi


Innate Abilities, Weirdness & Mutations

You are amphibious.
You cover ground slowly.
You can hop short distances.
You have an extended range of vision and can be seen from far away.


Message History

Done exploring.
No target in view!
Done exploring.
No target in view!
Done exploring.
No target in view!
Done exploring.
Search for what [Enter for "d:3", or ? for help]? d:3 Search for what [Enter for "d:3", or ? for help]? d:4 No target in view!
Done exploring.
(D) Dungeon
Where to? (Enter - D:4, ? - help)
There is a stone staircase leading down here.
You climb downwards.
Found a stone staircase leading up.
There is a stone staircase leading up here.
Okay, then.
No target in view!
A centaur comes into view.
The centaur shouts!
You hear an angry hiss.
The centaur wields a +0 shortbow.
The centaur shoots an arrow.
The arrow barely misses you.
An iguana comes into view.
The centaur shoots an arrow.
The arrow hits you!
The centaur shoots an arrow.
The arrow hits you!
A centaur is nearby!
You are too injured to fight recklessly!
A centaur is nearby!
The centaur shoots an arrow.
The arrow hits you!
Found an orange potion.
The centaur shoots an arrow.
The arrow hits you.
* * * LOW HITPOINT WARNING * * *
The centaur shoots an arrow.
The arrow hits you!
* * * LOW HITPOINT WARNING * * *
Casting: Frozen Ramparts (safe; 1% risk of failure)
Casting: Frozen Ramparts (safe; 1% risk of failure)
The walls around you are covered in ice.
The wall freezes the centaur but does no damage.
The centaur shoots an arrow.
The arrow hits you.
You die...

### #.....<# ....
#......### ....
#.<......# .....
#......#.# .....
####......# #..##
#.........#
#....##.#########
#....# ##@.##
#...# c.#....
l.######!# ..#
.#. ..#. .. . ..
#


You could see a centaur and an iguana.

Vanquished Creatures
  A phantom (D:4)
  2 scorpions (D:4)
  3 hounds (D:4)
  Ijyb (D:3)
  Terence (D:3)
  8 adders
  3 worms
  A dart slug (D:1)
  7 orcs
  7 ball pythons
  12 endoplasms
  3 giant cockroaches
  10 goblins
  4 hobgoblins
  7 jackals (D:4)
  2 quokkas
  5 bats
  3 frilled lizards
  11 kobolds
  24 rats
115 creatures vanquished.

Vanquished Creatures (others)
  2 plants (D:4)
  3 withered plants (D:4)
5 creatures vanquished.

Grand Total: 120 creatures vanquished

Notes
Turn   | Place    | Note
-------+----------+-------------------------------------------
     0 | D:1      | Colgate the Barachi Ice Elementalist began the quest for
                  | the Orb.
     0 | D:1      | Reached XP level 1. HP: 13/13 MP: 3/3
    11 | D:1      | Reached skill level 5 in Ice Magic
   101 | D:1      | Reached XP level 2. HP: 13/19 MP: 1/5
   740 | D:1      | Reached XP level 3. HP: 20/24 MP: 1/6
   744 | D:1      | Learned a level 3 spell: Frozen Ramparts
   830 | D:1      | Reached skill level 6 in Ice Magic
  1851 | D:2      | Reached XP level 4. HP: 27/30 MP: 3/7
  2196 | D:2      | Reached skill level 7 in Ice Magic
  2560 | D:3      | Found a hide-covered altar of Uskayaw.
  2827 | D:3      | Found Fudghai's Jewellery Boutique.
  2997 | D:3      | Noticed Ijyb
  3005 | D:3      | Reached skill level 1 in Conjurations
  3005 | D:3      | Killed Ijyb
  3006 | D:3      | Reached XP level 5. HP: 9/35 MP: 1/8
  3773 | D:3      | Found a runed translucent gate.
  3774 | D:3      | Found a runed translucent gate.
  3774 | D:3      | Found a runed translucent gate.
  3774 | D:3      | Found an opulent altar of Gozag.
  3776 | D:3      | Noticed Demigod47's ghost (amateur MiFi)
  3849 | D:3      | Noticed Terence
  3855 | D:3      | Killed Terence
  3861 | D:3      | Learned a level 4 spell: Hailstorm
  4013 | D:3      | Found a runed translucent door.
  4014 | D:3      | Noticed Crazy Yiuf
  4106 | D:4      | Found Orruduxefa's Weapon Shoppe.
  4169 | D:4      | Noticed a phantom
  4170 | D:4      | Found Mapes's Magic Scroll Shop.
  4179 | D:4      | Reached XP level 6. HP: 24/41 MP: 7/9
  4218 | D:4      | Reached skill level 8 in Ice Magic
  4267 | D:4      | Bought a scroll of identify for 26 gold pieces
  4267 | D:4      | Bought a scroll of fog for 52 gold pieces
  4267 | D:4      | Bought a scroll of teleportation for 39 gold pieces
  4267 | D:4      | Bought a scroll of noise for 13 gold pieces
  4395 | D:4      | Found Wuajen's Weapon Shoppe.
  4424 | D:4      | Reached skill level 9 in Ice Magic
  4424 | D:4      | Reached XP level 7. HP: 40/46 MP: 4/10
  4575 | D:4      | Found Vatogg's Armour Shoppe.
  4690 | D:4      | Found an ancient bone altar of Kikubaaqudgha.
  4690 | D:4      | Found a blossoming altar of Fedhas.
  5643 | D:5      | Entered Level 5 of the Dungeon
  5651 | D:5      | HP: 2/46 [centaur/arrow (9)]
  5652 | D:5      | Shot with an arrow by a centaur

Illustrated notes

Levels and vault maps discovered:
D:1:      onia_arrival_handbag, layout_rooms, minmay_box_of_dots
D:2:      mumra_celtic_spiral_tile, layout_basic
D:3:      layout_loops_cross, mainiacjoe_overflow_surrounded_room, serial_shops,
          shop, ebering_ghost_gozag, uniq_crazy_yiuf_cottage, uniq_ijyb,
          uniq_terence
D:4:      layout_basic, grunt_temple_overflow_growth_and_decay, serial_shops,
          nicolae_stop_n_shop_1, shop, nicolae_shop_trees, shop,
          nicolae_concentric_dashed_squares_mild, minmay_rat_hole
D:5:      kennysheep_kobold_camp, layout_rooms, temple_doors_ab,
          ebering_ghost_disaster_area, serial_shops,
          nicolae_shop_window_shopping, kennysheep_pointless_box,
          roderic_serpentine_path

Skill      XL: |  1  2  3  4  5  6 |
---------------+-------------------+-----
Ice Magic      | 5 6 7 9 |  9.4
Conjurations   | 2 3 |  3.2
Dodging        | |  2.1
Stealth        | |  1.7
Spellcasting   | |  2.1

Action                   |  1- 3 |  4- 6 |  7- 9 || total
-------------------------+-------+-------+-------++-------
Melee: Unarmed           |    21 |       |       ||    21
       Punch             |     2 |     2 |       ||     4
       Dagger            |     7 |    61 |    19 ||    87
 Cast: Freeze            |    53 |    34 |     3 ||    90
       Frozen Ramparts   |     3 |    22 |    12 ||    37
       Hailstorm         |       |     1 |       ||     1
 Abil: Hop               |     4 |       |       ||     4
  Use: Scroll            |       |     3 |     1 ||     4
 Stab: Sleeping          |     1 |     2 |       ||     3
Armor: Robe              |    11 |    21 |     5 ||    37
Dodge: Dodged            |    35 |    47 |    22 ||   104
